 Dungeon Crawl Stone Soup version 0.28.0-53-g5a82cb258f (webtiles) character file.

Game seed: 15099041102903318382

92 Zeld the Ruffian (level 4, 0/36 HPs)
             Began as a Draconian Transmuter on May 21, 2022.
             Succumbed to a kobold's poison
             ... on level 3 of the Dungeon.
             The game lasted 00:02:03 (2858 turns).

Zeld the Ruffian (Draconian Transmuter)             Turns: 2858, Time: 00:02:04

Health: 0/36       AC:  2    Str: 14    XL:     4   Next: 35%
Magic:  5/7        EV: 19    Int: 14    God:
Gold:   95         SH:  0    Dex: 16    Spells: 2/8 levels left

rFire   . . .      SeeInvis .     - Unarmed
rCold   . . .      Faith    .   (shield currently unavailable)
rNeg    . . .      Spirit   .   (armour unavailable)
rPois   x          Reflect  .   (helmet currently unavailable)
rElec   .          Harm     .   (cloak currently unavailable)
rCorr   .          Rampage  .   (gloves currently unavailable)
Will    .....                   (boots currently unavailable)
Stlth   +.........              (no amulet)
HPRegen 0.12/turn               (no ring)
MPRegen 0.10/turn               (no ring)

@: lethally poisoned (0 -> -19), spider-form (expiring)
A: venomous fangs, AC +5, tiny, unfitting armour, (cold-blooded)
a: End Transformation


You were on level 3 of the Dungeon.
You were a venomous arachnid creature.
You visited 1 branch of the dungeon, and saw 3 of its levels.

You collected 95 gold pieces.

Inventory:

Scrolls
 a - a scroll of magic mapping {unknown}
 c - a scroll of summoning {unknown}
 d - 2 scrolls of fog {unknown}
 f - a scroll of holy word {unknown}
 g - a scroll of enchant weapon {unknown}
Potions
 b - a potion of brilliance {unknown}
 e - a potion of lignification {unknown}


   Skills:
 + Level 1.6 Fighting
 + Level 2.1 Dodging
 * Level 3.5 Unarmed Combat
 * Level 2.5 Spellcasting
 * Level 2.8 Transmutations
 + Level 1.0 Ice Magic
 + Level 1.0 Poison Magic


You had 2 spell levels left.
You knew the following spells:

 Your Spells              Type           Power      Damage    Failure   Level
a - Beastly Appendage     Tmut           18%        N/A       19%         1
b - Wereblood             Tmut           9%         N/A       26%         2
c - Spider Form           Tmut/Pois      7%         N/A       52%         3

Your spell library contained the following spells:

 Spells                   Type           Power      Damage    Failure   Level
 Magic Dart               Conj           4%         1d3       43%         1
 Searing Ray              Conj           2%         2d4       56%         2
 Ignite Poison            Fire/Tmut/Pois 5%         N/A       61%         3
 Conjure Flame            Conj/Fire      1%         6-21      77%         3
 Ice Form                 Ice/Tmut       7%         N/A       87%         4
 Fulminant Prism          Conj/Hex       0%         3d6       98%         4
 Sticky Flame             Conj/Fire      1%         2d3       98%         4


Dungeon Overview and Level Annotations

Branches:
Dungeon (3/15)

Altars:

Annotations:
D:3 Sigmund


Innate Abilities, Weirdness & Mutations

You are a venomous arachnid creature.
You have poisonous fangs.
You are tiny and dextrous.
Your spellcasting is less reliable in this form.
Your armour is entirely melded.
You are incapable of wielding weapons or throwing items.
((Your plain brown scales are hard. (AC +5)))
You cannot fit into any form of body armour.
((You are cold-blooded and may be slowed by cold attacks.))


Message History

You start resting.
Magic restored.
You start waiting.
Done waiting.
Casting: Spider Form (quite dangerous; 30% risk of failure)
Confirm with . or Enter, or press ? or * to list all spells.
The spell is quite dangerous to miscast (30% risk of failure)!
Continue anyway?
You turn into a venomous arachnid creature.
You climb downwards.
Level annotation: Sigmund Sigmund points at you and mumbles some strange words.
You are confused.
Sigmund misses you.
There is a stone staircase leading up here.
You are too confused!
You bump into the rock wall.
Sigmund hits you with a +1 scythe of flaming!
Sigmund burns you.
Found a scythe.
Your transformation is almost over.
Sigmund hits you from afar with a +1 scythe of flaming!
Sigmund burns you.
There is a stone staircase leading up here.
You barely miss Sigmund. Sigmund barely misses you.
You bump into the rock wall.
You feel less confused.
Sigmund points at you and mumbles some strange words.
The magic dart hits you!
* * * LOW HITPOINT WARNING * * *
Sigmund hits you from afar with a +1 scythe of flaming.
* * * LOW HITPOINT WARNING * * *
Sigmund burns you.
* * * LOW HITPOINT WARNING * * *
A kobold comes into view.
It is wielding a +0 whip and quivering poisoned darts.
The kobold shouts!
Found a scroll labelled VYNOUG ZEERGH.
The kobold throws a poisoned dart.
The poisoned dart hits you!
You are lethally poisoned!
A goblin comes into view. It is wielding a +0 dagger.
You die...

.....# .# ....#
##. . #...##.g
.# ##.)K...#...
#.........#
####?........##
...............
#.s.# #.### #.#
##.#
##########.@#
.......>...##
........####
.........
.......@##


You could see Sigmund, a goblin (wandering) and a kobold.

Vanquished Creatures
  3 gnolls (D:2)
  An adder (D:2)
  A dart slug (D:2)
  3 endoplasms
  A giant cockroach (D:1)
  3 goblins
  4 hobgoblins
  9 jackals
  A quokka (D:2)
  6 ball pythons
  5 bats
  5 frilled lizards
  5 kobolds
  7 rats
54 creatures vanquished.

Notes
Turn   | Place    | Note
-------+----------+-------------------------------------------
     0 | D:1      | Zeld the Draconian Transmuter began the quest for the Orb.
     0 | D:1      | Reached XP level 1. HP: 16/16 MP: 3/3
   539 | D:1      | Reached XP level 2. HP: 11/23 MP: 5/5
   565 | D:1      | Learned a level 2 spell: Wereblood
  1281 | D:1      | Reached XP level 3. HP: 25/28 MP: 3/6
  1285 | D:1      | Learned a level 3 spell: Spider Form
  1320 | D:1      | Found a faded altar of an unknown god.
  2229 | D:2      | Reached skill level 1 in Ice Magic
  2229 | D:2      | Reached XP level 4. HP: 23/35 MP: 3/7
  2265 | D:2      | Reached skill level 1 in Poison Magic
  2714 | D:3      | Noticed Sigmund
  2858 | D:3      | Succumbed to a kobold's poison

Illustrated notes

Levels and vault maps discovered:
D:1:      lordsloth_arrival_two_stooges, layout_loops_corners,
          ebering_ecumenical_altar_rust, minmay_stone_trees_medium
D:2:      layout_basic
D:3:      layout_rooms, minivault_26, uniq_grinder, uniq_crazy_yiuf_cottage,
          uniq_jessica, uniq_sigmund

Skill      XL: |  1  2  3  4 |
---------------+-------------+-----
Dodging        | 2 |  2.1
Ice Magic      | 1 |  1.0
Poison Magic   | 1 |  1.0
Fighting       | |  1.6
Unarmed Combat | |  3.5
Spellcasting   | |  2.5
Transmutations | |  2.8

Action                   |  1- 3 |  4- 6 || total
-------------------------+-------+-------++-------
Melee: Unarmed           |   116 |    20 ||   136
       Tailslap          |     9 |     1 ||    10
       Kick              |    15 |     1 ||    16
       Headbutt          |    12 |       ||    12
       Punch             |     3 |     2 ||     5
 Cast: Beastly Appendage |    40 |     5 ||    45
       Spider Form       |     1 |     2 ||     3
 Stab: Sleeping          |     1 |       ||     1
Armor: Skin              |    47 |     7 ||    54
Dodge: Dodged            |   104 |    24 ||   128
